 Dungeon Crawl Stone Soup version 0.22-a0-265-g0d8bc90 (webtiles) character file.

585 tidbits the Insei (level 7, -17/52 HPs)
             Began as a Gnoll Transmuter on Mar 6, 2018.
             Killed by triggering a spear trap (25 damage)
             ... on level 6 of the Dungeon.
             The game lasted 00:09:11 (1072 turns).

tidbits the Insei (Gnoll Transmuter)                Turns: 1072, Time: 00:09:11

Health: -17/52     AC:  3    Str: 13    XL:     7   Next: 37%
Magic:  11/15      EV: 15    Int: 20    God:
Gold:   174        SH:  0    Dex: 15    Spells: 9/17 levels left

rFire    . . .     SeeInvis .     - Unarmed
rCold    . . .     Gourm    .   (no shield)
rNeg     . . .     Faith    .   b - +0 robe
rPois    .         Spirit   .   (no helmet)
rElec    .         Reflect  .   (no cloak)
rCorr    .         Harm     .   (no gloves)
MR       .....                  F - +0 pair of boots
Stlth    ++........             (no amulet)
HPRegen  0.17/turn              w - +3 ring of intelligence
MPRegen  0.14/turn              (no ring)

@: no status effects
A: distributed training, fangs 1, strong nose
a: no special abilities


You were on level 6 of the Dungeon.
You were not hungry.

You visited 1 branch of the dungeon, and saw 6 of its levels.

You collected 174 gold pieces.

Inventory:

Hand Weapons
 a - a +0 dagger of venom
   (You found it on level 2 of the Dungeon)
 g - a +0 dagger
 p - a +0 hunting sling
 u - a +0 vampiric rapier
   (You found it on level 4 of the Dungeon)
Missiles
 d - 41 stones (quivered)
 j - 9 tomahawks
 k - 58 sling bullets
 q - 3 arrows
Armour
 b - a +0 robe (worn)
 h - a +0 shield
 n - a cursed +0 ring mail
 s - a +0 pair of boots
 F - a +0 pair of boots (worn)
Jewellery
 w - a +3 ring of intelligence (left hand)
   (You found it on level 4 of the Dungeon)
Wands
 t - a wand of clouds (6)
Scrolls
 e - a scroll of random uselessness {unknown}
 m - 3 scrolls of remove curse
 o - a scroll of immolation
Potions
 f - 2 potions of curing {unknown}
 i - a potion of lignification
 l - a potion of might {unknown}
 r - a potion of brilliance {unknown}
 v - a potion of resistance {unknown}
 x - 2 potions of invisibility {unknown}
Comestibles
 c - 3 rations


   Skills:
 + Level 3.5 Fighting
 + Level 2.4 Short Blades
 + Level 2.4 Long Blades
 + Level 2.4 Axes
 + Level 2.4 Maces & Flails
 + Level 2.4 Polearms
 + Level 2.4 Staves
 + Level 2.4 Slings
 + Level 2.4 Bows
 + Level 2.4 Crossbows
 + Level 2.4 Throwing
 + Level 2.4 Armour
 + Level 5.2 Dodging
 + Level 2.4 Stealth
 + Level 2.4 Shields
 + Level 7.0 Unarmed Combat
 + Level 5.6 Spellcasting
 + Level 2.0 Conjurations
 + Level 2.0 Hexes
 + Level 2.0 Charms
 + Level 2.0 Summonings
 + Level 2.0 Necromancy
 + Level 2.0 Translocations
 + Level 4.3 Transmutations
 + Level 2.0 Fire Magic
 + Level 2.0 Ice Magic
 + Level 2.0 Air Magic
 + Level 2.0 Earth Magic
 + Level 2.0 Poison Magic
 + Level 2.6 Invocations
 + Level 2.4 Evocations


You had 9 spell levels left.
You knew the following spells:

 Your Spells              Type           Power        Failure   Level  Hunger
e - Beastly Appendage     Tmut           ###...       1%          1    None
k - Sticks to Snakes      Tmut           ###.....     2%          2    None
n - Animate Skeleton      Necr           N/A          4%          1    None
p - Spider Form           Tmut/Pois      ###.......   9%          3    ##.....
A - Apportation           Tloc           ##....       4%          1    None


Dungeon Overview and Level Annotations

Branches:
Dungeon (6/15)
 Temple: D:4-7

Altars:
Ashenzari
Elyvilon
Qazlal
Trog
Uskayaw
Wu Jian
Xom

Portals:
Ossuary: D:6


Innate Abilities, Weirdness & Mutations

Your experience applies equally to all skills.
You have very sharp teeth.
Your uncanny sense of smell can sniff out nearby items.


Message History

The adder skeleton closely misses your ball python.
Your ball python bites the adder skeleton.
Your ball python constricts the adder skeleton.
You swing at nothing.
The adder skeleton bites your ball python.
Your ball python dies!
You smack the adder skeleton!
You destroy the adder skeleton!
You cannot move.
Wield which item (- for none, * to show all)? (? for menu, Esc to quit)
c - 3 rations (in branch)
You swing at nothing.
You swing at nothing.
You swing at nothing.
You feel less wooden.
Your +0 pair of boots unmelds from your body.
Your +0 robe unmelds from your body.
Found a robe.
Unknown command.
Found a dagger.
Found a hide-covered altar of Uskayaw.
Unknown command.
There is a stone staircase leading down here.
Your magical contamination has completely faded away.
You see here 13 gold pieces.
You now have 174 gold pieces (gained 13).
There is a stone staircase leading down here.
You climb downwards.
You hear the hiss of flowing sand.
There is an entrance to an ossuary on this level.
Hurry and find it before the portal is buried!
You hear the slow hiss of an avalanche of sand nearby.
There is a stone staircase leading up here.
Found a stone staircase leading up.
An orc comes into view. It is wielding a club.
The orc shouts!
You hear a shout!
An orc wizard comes into view. It is wielding a dagger of freezing.
An orc warrior comes into view. It is wielding a flail.
Found a pink potion.
Found a scroll of immolation.
You open the door.
A mummy comes into view.
The mummy moves out of view.
Found a sand-covered staircase.
Casting: Spider Form (safe; 9% risk of failure)
Confirm with . or Enter, or press ? or * to list all spells.
You turn into a venomous arachnid creature.
Your 3 rations fall away!
You are now empty-handed.
Your +0 pair of boots melds into your body.
Your +0 robe melds into your body.
You found an arrow trap!
There is an open door here.
You hit the mummy but do no damage. You hit the mummy but do no damage.
The mummy completely misses you.
You hit the mummy.
The mummy is lightly damaged.
The orc wizard points at you and mumbles some strange words.
The magic dart hits you!
* * * LOW HITPOINT WARNING * * *
You hit the mummy but do no damage.
The mummy is lightly damaged.
The mummy barely misses you.
You hit the mummy.
The mummy is moderately damaged.
You barely miss the mummy.
The mummy is moderately damaged.
The mummy closely misses you.
You hit the mummy but do no damage.
The mummy is moderately damaged.
You hit the mummy.
The mummy is heavily damaged.
The mummy misses you.
You hit the mummy but do no damage.
The mummy is heavily damaged.
The orc wizard mumbles some strange words.
The orc wizard seems to speed up.
You hit the mummy.
The mummy is severely damaged.
Your transformation has ended.
Your +0 pair of boots unmelds from your body.
Your +0 robe unmelds from your body.
The mummy hits you.
* * * LOW HITPOINT WARNING * * *
You hit the mummy.
You destroy the mummy!
Your Conjurations skill increases to level 2!
Your Hexes skill increases to level 2!
Your Charms skill increases to level 2!
Your Summonings skill increases to level 2!
Your Necromancy skill increases to level 2!
Your Translocations skill increases to level 2!
Your Fire Magic skill increases to level 2!
Your Ice Magic skill increases to level 2!
Your Air Magic skill increases to level 2!
Your Earth Magic skill increases to level 2!
Your Poison Magic skill increases to level 2!
The orc wizard barely misses you. The orc misses you.
The orc wizard casts a spell.
The orc wizard blinks!
The orc wizard casts a spell at you. The magic dart hits you!
* * * LOW HITPOINT WARNING * * *
A spear shoots out and hits you!
You die...

........##....<......(
###.....##.......#####
#....o.........#
#...<..#........#
#.....##..........
#....###........##
.....##.#.########
..o.##..#....###
.oo##o@.o§....?.. ..
##.^#.##.####
##.#...!# ###.#### #.#
#.# ..# ## ∆


You could see an orc wizard and an orc.

Vanquished Creatures
  A sky beast (D:5)
  An ogre (D:5)
  A phantom (D:4)
  2 crimson imps (D:5)
  A hound (D:4)
  An orc priest (D:3)
  2 orc wizards (D:3)
  A mummy (D:6)
  6 adders
  An ooze (D:2)
  2 adder skeletons (D:5)
  2 worms (D:2)
  2 dart slugs
  3 orcs
  2 bats
  3 giant cockroaches
  3 goblins
  2 hobgoblins (D:2)
  12 jackals
  2 kobolds
  A quokka (D:4)
  2 frilled lizards
  3 rats
56 creatures vanquished.

Vanquished Creatures (collateral kills)
  A bullfrog zombie (D:5)
  A leopard gecko (D:2)
  2 jackals (D:2)
4 creatures vanquished.

Grand Total: 60 creatures vanquished

Notes
Turn   | Place    | Note
-------+----------+-------------------------------------------
     0 | D:1      | tidbits the Gnoll Transmuter began the quest for the Orb.
     0 | D:1      | Reached XP level 1. HP: 17/17 MP: 6/6
    40 | D:2      | Reached XP level 2. HP: 23/23 MP: 5/7
    54 | D:2      | Learned a level 2 spell: Sticks to Snakes
   183 | D:2      | Reached XP level 3. HP: 14/28 MP: 3/9
   194 | D:2      | Learned a level 3 spell: Spider Form
   213 | D:2      | Reached skill level 5 in Spellcasting
   319 | D:2      | Found a faded altar of an unknown god.
   353 | D:2      | Reached skill level 1 in Invocations
   376 | D:3      | Found a stormy altar of Qazlal.
   470 | D:3      | Reached skill level 1 in Short Blades
   470 | D:3      | Reached skill level 1 in Long Blades
   470 | D:3      | Reached skill level 1 in Axes
   470 | D:3      | Reached skill level 1 in Maces & Flails
   470 | D:3      | Reached skill level 1 in Polearms
   470 | D:3      | Reached skill level 1 in Staves
   470 | D:3      | Reached skill level 1 in Slings
   470 | D:3      | Reached skill level 1 in Bows
   470 | D:3      | Reached skill level 1 in Crossbows
   470 | D:3      | Reached skill level 1 in Throwing
   470 | D:3      | Reached skill level 1 in Armour
   470 | D:3      | Reached skill level 1 in Stealth
   470 | D:3      | Reached skill level 1 in Shields
   470 | D:3      | Reached skill level 1 in Evocations
   470 | D:3      | Reached XP level 4. HP: 23/34 MP: 3/11
   471 | D:3      | Found an ornate altar of the Wu Jian Council.
   482 | D:3      | Reached skill level 1 in Conjurations
   482 | D:3      | Reached skill level 1 in Hexes
   482 | D:3      | Reached skill level 1 in Charms
   482 | D:3      | Reached skill level 1 in Summonings
   482 | D:3      | Reached skill level 1 in Necromancy
   482 | D:3      | Reached skill level 1 in Translocations
   482 | D:3      | Reached skill level 1 in Fire Magic
   482 | D:3      | Reached skill level 1 in Ice Magic
   482 | D:3      | Reached skill level 1 in Air Magic
   482 | D:3      | Reached skill level 1 in Earth Magic
   482 | D:3      | Reached skill level 1 in Poison Magic
   489 | D:3      | Reached XP level 5. HP: 27/40 MP: 2/12
   555 | D:3      | Reached skill level 3 in Fighting
   575 | D:3      | Found a shimmering altar of Xom.
   647 | D:3      | Found a white marble altar of Elyvilon.
   700 | D:3      | Learned a level 1 spell: Animate Skeleton
   702 | D:3      | Learned a level 1 spell: Apportation
   722 | D:4      | Reached skill level 4 in Transmutations
   757 | D:4      | Found a hide-covered altar of Uskayaw.
   795 | D:4      | Noticed a phantom
   810 | D:4      | Killed a phantom
   810 | D:4      | Reached skill level 2 in Invocations
   810 | D:4      | Reached XP level 6. HP: 44/47 MP: 9/14
   854 | D:5      | Entered Level 5 of the Dungeon
   866 | D:5      | Reached skill level 5 in Dodging
   906 | D:5      | Noticed a sky beast
   907 | D:5      | Found a shattered altar of Ashenzari.
   917 | D:5      | Killed a sky beast
   917 | D:5      | Reached skill level 2 in Short Blades
   917 | D:5      | Reached skill level 2 in Long Blades
   917 | D:5      | Reached skill level 2 in Axes
   917 | D:5      | Reached skill level 2 in Maces & Flails
   917 | D:5      | Reached skill level 2 in Polearms
   917 | D:5      | Reached skill level 2 in Staves
   917 | D:5      | Reached skill level 2 in Slings
   917 | D:5      | Reached skill level 2 in Bows
   917 | D:5      | Reached skill level 2 in Crossbows
   917 | D:5      | Reached skill level 2 in Throwing
   917 | D:5      | Reached skill level 2 in Armour
   917 | D:5      | Reached skill level 2 in Stealth
   917 | D:5      | Reached skill level 2 in Shields
   917 | D:5      | Reached skill level 2 in Evocations
   962 | D:5      | Found a bloodstained altar of Trog.
   987 | D:5      | Reached XP level 7. HP: 20/52 MP: 3/15
   991 | D:5      | Reached skill level 7 in Unarmed Combat
  1020 | D:5      | Noticed an enchanted dagger
  1020 | D:5      | Noticed a dagger
  1022 | D:5      | Found a hide-covered altar of Uskayaw.
  1057 | D:6      | Found a sand-covered staircase.
  1070 | D:6      | Reached skill level 2 in Conjurations
  1070 | D:6      | Reached skill level 2 in Hexes
  1070 | D:6      | Reached skill level 2 in Charms
  1070 | D:6      | Reached skill level 2 in Summonings
  1070 | D:6      | Reached skill level 2 in Necromancy
  1070 | D:6      | Reached skill level 2 in Translocations
  1070 | D:6      | Reached skill level 2 in Fire Magic
  1070 | D:6      | Reached skill level 2 in Ice Magic
  1070 | D:6      | Reached skill level 2 in Air Magic
  1070 | D:6      | Reached skill level 2 in Earth Magic
  1070 | D:6      | Reached skill level 2 in Poison Magic
  1072 | D:6      | Killed by triggering a spear trap

Vault maps used:
D:1:      dpeg_arrival_lava_temple_mockup, lexackson_kobold_supper
D:2:      first_ration, chequers_ecumenical_altar_lobes
D:3:      okawaru_altar_gauntlet_db, xom_teletrap_fun, lemuel_round_altar,
          old_standard_altar, elyvilon_altar_4
D:4:      minmay_ruined_shrine, uniq_grinder
D:5:      bloody_trog, makhleb_blood_cavern_becter, lemuel_doored_altar,
          dancing_weapons_uskayaw
D:6:      gup_ossuary_entry_pyramid

Skill      XL: |  1  2  3  4  5  6  7 |
---------------+----------------------+-----
Spellcasting   | 5 |  5.6
Invocations    | 1 2 |  2.6
Short Blades   | 1 2 |  2.4
Long Blades    | 1 2 |  2.4
Axes           | 1 2 |  2.4
Maces & Flails | 1 2 |  2.4
Polearms       | 1 2 |  2.4
Staves         | 1 2 |  2.4
Slings         | 1 2 |  2.4
Bows           | 1 2 |  2.4
Crossbows      | 1 2 |  2.4
Throwing       | 1 2 |  2.4
Armour         | 1 2 |  2.4
Stealth        | 1 2 |  2.4
Shields        | 1 2 |  2.4
Evocations     | 1 2 |  2.4
Conjurations   | 1 2 |  2.0
Hexes          | 1 2 |  2.0
Charms         | 1 2 |  2.0
Summonings     | 1 2 |  2.0
Necromancy     | 1 2 |  2.0
Translocations | 1 2 |  2.0
Fire Magic     | 1 2 |  2.0
Ice Magic      | 1 2 |  2.0
Air Magic      | 1 2 |  2.0
Earth Magic    | 1 2 |  2.0
Poison Magic   | 1 2 |  2.0
Fighting       | 3 |  3.5
Transmutations | 4 |  4.3
Dodging        | 5 |  5.2
Unarmed Combat | 7 |  7.0

Action                   |  1- 3 |  4- 6 |  7- 9 || total
-------------------------+-------+-------+-------++-------
Melee: Unarmed           |    63 |    77 |    16 ||   156
       Kick              |     6 |       |       ||     6
       Bite              |     1 |       |       ||     1
       Dagger            |       |     4 |     1 ||     5
       Punch             |       |     1 |     2 ||     3
 Cast: Beastly Appendage |     5 |       |       ||     5
       Sticks to Snakes  |     4 |     5 |       ||     9
       Spider Form       |     8 |    10 |     1 ||    19
       Apportation       |       |     2 |       ||     2
  Use: Potion            |     1 |     1 |       ||     2
       Scroll            |       |     4 |       ||     4
 Stab: Distracted        |       |     1 |       ||     1
  Eat: Chunk             |       |     1 |       ||     1
       Ration            |       |       |     1 ||     1
Armor: Robe              |     2 |     1 |       ||     3
       Skin              |     2 |     4 |     6 ||    12
Dodge: Dodged            |    47 |    68 |     6 ||   121

Table legend:
 A = Spawn XP
 B = Non-spawn XP
 C = Spawn XP percentage of total XP
 D = Spawn monster count
 E = Non-spawn monster count
 F = Spawn count percentage of total count
 G = Total turns spent on level
                    A         B        C        D         E        F      G
               +---------+---------+-------+---------+---------+-------+---------
         Total |       0 |     837 |   0.0 |       0 |      60 |   0.0 |  1072
               +---------+---------+-------+---------+---------+-------+---------
           D:1 |       0 |       5 |   0.0 |       0 |       2 |   0.0 |    64
           D:2 |       0 |      62 |   0.0 |       0 |      23 |   0.0 |   324
           D:3 |       0 |     170 |   0.0 |       0 |      19 |   0.0 |   319
           D:4 |       0 |     194 |   0.0 |       0 |       7 |   0.0 |   147
           D:5 |       0 |     388 |   0.0 |       0 |       8 |   0.0 |   185
           D:6 |       0 |      18 |   0.0 |       0 |       1 |   0.0 |    33
               +---------+---------+-------+---------+---------+-------+---------

Table legend:
 A = Turns spent in this place as a percentage of turns spent in the entire game.
 B = Non-inter-level travel turns spent in this place as a percentage of non-inter-level travel turns spent in the entire game.
 C = Inter-level travel turns spent in this place as a percentage of turns spent in this place.
 D = Turns resting spent in this place as a percentage of non-inter-level travel turns spent in this place.
 E = Turns spent auto-exploring this place as a percentage of non-inter-level travel turns spent in this place.
 F = Non-inter-level travel turns spent in this place divided by the number of levels of this place that you've seen.
                   A       B       C       D       E      F
               +-------+-------+-------+-------+-------+----------------------
         Total | 100.0 | 100.0 |   0.0 |   0.0 |   0.0 | 178.7
       Dungeon | 100.0 | 100.0 |   0.0 |   0.0 |   0.0 | 178.7
               +-------+-------+-------+-------+-------+----------------------

Table legend:
 A = Kills in this place as a percentage of kills in entire the game.
 B = Kills by you in this place as a percentage of kills by you in the entire game.
 C = Kills by friends in this place as a percentage of kills by friends in the entire game.
 D = Other kills in this place as a percentage of other kills in the entire game.
 E = Experience gained in this place as a percentage of experience gained in the entire game.
 F = Experience gained in this place divided by the number of levels of this place that you have seen.
                   A       B       C       D       E      F
               +-------+-------+-------+-------+-------+----------------------
         Total | 100.0 | 100.0 | 100.0 |   N/A | 100.0 | 139.5
       Dungeon | 100.0 | 100.0 | 100.0 |   N/A | 100.0 | 139.5
               +-------+-------+-------+-------+-------+----------------------

Vault maps used:
D:1:      dpeg_arrival_lava_temple_mockup, lexackson_kobold_supper
D:2:      first_ration, chequers_ecumenical_altar_lobes
D:3:      okawaru_altar_gauntlet_db, xom_teletrap_fun, lemuel_round_altar,
          old_standard_altar, elyvilon_altar_4
D:4:      minmay_ruined_shrine, uniq_grinder
D:5:      bloody_trog, makhleb_blood_cavern_becter, lemuel_doored_altar,
          dancing_weapons_uskayaw
D:6:      gup_ossuary_entry_pyramid
